 Dungeon Crawl Stone Soup version 0.27.1 (webtiles) character file.

Game seed: 1762377548503100397

114 Araneus the Skirmisher (level 4, -1/55 HPs)
             Began as a Demonspawn Fighter on Aug 25, 2021.
             Succumbed to a kobold's poison
             ... on level 2 of the Dungeon.
             The game lasted 00:04:08 (2169 turns).

Araneus the Skirmisher (Demonspawn Fighter)         Turns: 2169, Time: 00:04:08

Health: -1/55      AC: 22    Str: 17    XL:     4   Next: 67%
Magic:  4/4        EV:  2    Int: 10    God:
Gold:   61         SH:  9    Dex: 12    Spells: 3/3 levels left

rFire    . . .     SeeInvis .   a - +0 flail
rCold    . . .     Faith    .   c - +0 kite shield
rNeg     + + +     Spirit   .   (armour currently unavailable)
rPois    +         Reflect  .   (helmet currently unavailable)
rElec    .         Harm     .   (cloak currently unavailable)
rCorr    .         Rampage  .   (gloves currently unavailable)
Will     .....     NoTele   +   (boots currently unavailable)
Stlth    +.........             (no amulet)
HPRegen  0.18/turn              (no ring)
MPRegen  0.18/turn              (no ring)

@: lethally poisoned (-1 -> -12), tree-form
A: stationary, stasis, torment immunity, boosted hp, (hooves 1), (molten scales
1), magic regeneration
a: no special abilities


You were on level 2 of the Dungeon.
You were a tree.
You visited 1 branch of the dungeon, and saw 2 of its levels.

You collected 61 gold pieces.

Inventory:

Hand Weapons
 a - a +0 flail (weapon)
Armour
 b - a +0 scale mail (melded)
 c - a +0 kite shield (worn)
Wands
 e - a wand of flame (19)
Scrolls
 g - 2 scrolls of identify {unknown}
 h - 4 scrolls of enchant weapon {unknown}
Potions
 d - a potion of might
 f - a potion of lignification


   Skills:
 + Level 3.7 Fighting
 + Level 3.2 Maces & Flails
 - Level 2.6 Armour
 + Level 3.5 Shields


You had 3 spell levels left.
You didn't know any spells.
Your spell library contained the following spells:

 Spells                   Type           Power      Damage    Failure   Level
 Sublimation of Blood     Necr           0%         N/A       94%         2
 Wereblood                Tmut           0%         N/A       94%         2
 Summon Hydra             Summ           0%         N/A       100%        7


Dungeon Overview and Level Annotations

Branches:
Dungeon (2/15)

Altars:

Shops:
D:2 ?[


Innate Abilities, Weirdness & Mutations

You are a tree.
Your roots penetrate the ground, keeping you stationary.
You cannot be teleported.
You are immune to unholy pain and torment.
Your maximum health is greatly increased.
Your equipment is partially melded.
((You have large cloven feet.))
((You are partially covered in molten scales. (AC +2)))
You regenerate magic rapidly.


Message History

There is an open gate here.
You sock the kobold!
You kill the kobold!
The kobold hits you but does no damage.
You sock the kobold!
You kill the kobold!
The kobold hits you but does no damage.
You are poisoned.
You closely miss the kobold.
You feel very sick. The kobold barely misses you.
The kobold hits you but does no damage.
You are more poisoned.
The kobold barely misses you. You block the kobold's attack.
You hit the kobold.
You kill the kobold!
You feel very sick. The kobold hits you but does no damage.
You are more poisoned.
The kobold hits you with a +0 whip. The kobold hits you but does no damage.
You are lethally poisoned!
You sock the kobold!
You kill the kobold!
You feel extremely sick. The kobold hits you with a +0 whip. x2
* * * LOW HITPOINT WARNING * * *
You are too injured to fight recklessly!
You are too injured to fight recklessly!
You are too injured to fight recklessly!
You are too injured to fight recklessly!
You hit the kobold.
You kill the kobold!
* * * LOW HITPOINT WARNING * * *
You feel very sick.
It was a potion of lignification.
You turn into a tree.
Your +0 scale mail melds into your body.
Your roots penetrate the ground.
* * * LOW HITPOINT WARNING * * *
You feel very sick.
Okay, then.
You die...

#.##.####..#..# #.##.#
#)##.####8....####.##.#
#†##......#..........##
#.#######...##########
#)# ##.## #####
##†########.#### #.....
#..............##......
#..##########..')......
#..# #..♣)....:. #..#
##.')?...?# #†.#
#.##.....# #..# ###
#....# #..# ##### ##..#
..>.# ##....<# ######.#


There were no monsters in sight!

Vanquished Creatures
  Jessica (D:2)
  A gnoll (D:1)
  An adder (D:2)
  An ufetubus (D:2)
  2 worms (D:2)
  A dart slug (D:2)
  4 bats (D:2)
  3 endoplasms (D:1)
  2 giant cockroaches (D:1)
  6 hobgoblins
  8 jackals
  2 quokkas
  4 ball pythons
  2 frilled lizards (D:1)
  4 goblins
  8 kobolds
  4 rats
54 creatures vanquished.

Vanquished Creatures (others)
  A kobold (D:2)
  A plant (D:1)
  7 toadstools (D:2)
9 creatures vanquished.

Grand Total: 63 creatures vanquished

Notes
Turn   | Place    | Note
-------+----------+-------------------------------------------
     0 | D:1      | Araneus the Demonspawn Fighter began the quest for the Orb.
     0 | D:1      | Reached XP level 1. HP: 18/18 MP: 1/1
   280 | D:1      | Gained mutation: You are partially covered in molten
                  | scales. (AC +2) [demonic ancestry]
   280 | D:1      | Reached XP level 2. HP: 19/24 MP: 2/2
   994 | D:1      | Gained mutation: You have large cloven feet. [demonic
                  | ancestry]
   994 | D:1      | Reached XP level 3. HP: 29/29 MP: 3/3
  1789 | D:2      | Found Omnep's Magic Scroll Shop.
  1839 | D:2      | Gained mutation: You regenerate magic rapidly. [demonic
                  | ancestry]
  1839 | D:2      | Reached XP level 4. HP: 31/35 MP: 4/4
  1881 | D:2      | Found Witugg's Armour Emporium.
  1884 | D:2      | Noticed Jessica
  1908 | D:2      | Killed Jessica
  2168 | D:2      | HP: 1/55 [poisoned by a kobold]
  2169 | D:2      | Succumbed to a kobold's poison

Illustrated notes

Levels and vault maps discovered:
D:1:      minmay_arrival_stone_box, layout_loops_ring, serial_bayou_ford_a
D:2:      cheibrodos_fertilizer, layout_loops_ring, serial_shops, shop_statue,
          shop_statue, small_statue_intersection, uniq_jessica

Skill      XL: |  1  2  3  4 |
---------------+-------------+-----
Shields        | 3 |  3.5
Maces & Flails | 2 3 |  3.2
Fighting       | |  3.7
Armour         | |  2.6

Action                   |  1- 3 |  4- 6 || total
-------------------------+-------+-------++-------
Melee: Flail             |   133 |    25 ||   158
       Kick              |    15 |     3 ||    18
  Use: Potion            |       |     4 ||     4
Armor: Scale mail        |    68 |    35 ||   103
Dodge: Dodged            |    53 |    18 ||    71
Block: Kite shield       |    77 |    21 ||    98
